 Dungeon Crawl Stone Soup version 0.26.0-45-g9c1d065592 (webtiles) character file.

Game seed: 8012595141954162138

13041 Gnirx the Geomancer (level 12, -3/68 HPs)
             Began as a Gargoyle Earth Elementalist on Jan 28, 2021.
             Was a Follower of Vehumet.
             Slain by a cane toad (12 damage)
             ... on level 8 of the Dungeon.
             The game lasted 00:40:44 (16717 turns).

Gnirx the Geomancer (Gargoyle Earth Elementalist)  Turns: 16717, Time: 00:40:44

Health: -3/68      AC: 18    Str: 11    XL:     12   Next: 1%
Magic:  27/27      EV: 28    Int: 22    God:    Vehumet [*.....]
Gold:   536        SH:  0    Dex: 10    Spells: 21/33 levels left

rFire    + . .     SeeInvis .   a - +2 dire flail
rCold    x . .     Faith    .   (shield currently unavailable)
rNeg     + . .     Spirit   .   H - +2 robe {Archmagi}
rPois    ∞         Reflect  .   p - +0 helmet
rElec    +         Harm     .   K - +2 cloak {rCorr}
rCorr    +         Rampage  .   E - +1 pair of gloves
Will     .....                  (no boots)
Stlth    ++........             D - amulet of the acrobat
HPRegen  0.21/turn              r - ring of fire
MPRegen  0.20/turn              z - ring of wizardry

@: acrobat
A: negative energy resistance 1, electricity resistance, unbreathing,
petrification resistance, miasma immunity, AC +8
a: Renounce Religion


You were on level 8 of the Dungeon.
You worshipped Vehumet.
Vehumet was aware of your devotion.
You visited 3 branches of the dungeon, and saw 11 of its levels.
You also visited: Ossuary.

You collected 640 gold pieces.
You spent 104 gold pieces at shops.

Inventory:

Hand Weapons
 a - a +2 dire flail (weapon)
 e - a +0 whip
 k - a +0 mace
 l - a +1 flail
 w - a +0 shortbow
 x - a +4 whip of draining
Missiles
 b - 116 stones
 f - 151 arrows
Armour
 c - a +1 robe
 h - a scarf of resistance
 p - a +0 helmet (worn)
 E - a +1 pair of gloves (worn)
 H - a +2 robe of the Archmagi (worn)
 K - a +2 cloak of preservation (worn)
Magical Staves
 J - an uncursed staff of death
Jewellery
 n - an uncursed ring of resist corrosion
 r - a ring of fire (left hand)
 z - a ring of wizardry (right hand)
 A - an uncursed ring of teleportation
 D - an amulet of the acrobat (around neck)
Wands
 m - a wand of enslavement (25)
 y - a wand of flame (27)
 M - a wand of disintegration (9)
 N - a wand of acid (4)
Scrolls
 o - 7 scrolls of random uselessness
 s - 6 scrolls of remove curse
 t - 3 scrolls of teleportation
 v - a scroll of fear
 B - 2 scrolls of blinking
 F - 6 scrolls of immolation
 I - 2 scrolls of identify
Potions
 d - 5 potions of attraction
 g - 10 potions of curing
 i - 3 potions of mutation
 j - 2 potions of lignification
 q - a potion of magic
 u - 3 potions of heal wounds
 C - a potion of flight
 G - 7 potions of degeneration
 L - a potion of ambrosia


   Skills:
 * Level 5.0 Fighting
 - Level 4.2 Maces & Flails
 + Level 3.1 Dodging
 - Level 2.1 Stealth
 + Level 11.1 Spellcasting
 + Level 6.1 Conjurations
 - Level 0.7 Transmutations
 + Level 13.5 Earth Magic


You had 21 spell levels left.
You knew the following spells:

 Your Spells              Type           Power        Failure   Level
a - Sandblast             Erth           100%         0%          1
b - Passwall              Tmut/Erth      50%          1%          2
c - Stone Arrow           Conj/Erth      100%         1%          3
d - Lee's Rapid Deconstr  Erth           41%          1%          5
e - Foxfire               Conj/Fire      100%         1%          1

Your spell library contained the following spells:

 Spells                   Type           Power        Failure   Level
 Petrify                  Tmut/Erth      60%          1%          4
 Animate Skeleton         Necr           36%          2%          1
 Freeze                   Ice            72%          2%          1
 Pain                     Necr           72%          2%          1
 Frozen Ramparts          Ice            36%          6%          3
 Ozocubu's Armour         Ice            18%          6%          3
 Vampiric Draining        Necr           9%           6%          3
 Hailstorm                Conj/Ice       38%          6%          4
 Animate Dead             Necr           9%           21%         4
 Summon Ice Beast         Ice/Summ       18%          21%         4
 Agony                    Necr           18%          50%         5


Dungeon Overview and Level Annotations

Branches:
Dungeon (8/15)             Temple (1/1) D:7            Lair (2/6) D:8
Ossuary (visited)
  Swamp: Lair:2-4    Shoals: Lair:2-4     Snake: Lair:2-4    Spider: Lair:2-4

Altars:
Ashenzari
Cheibriados
Dithmenos
Elyvilon
Fedhas
Gozag
Hepliaklqana
Kikubaaqudgha
Makhleb
Nemelex Xobeh
Okawaru
Qazlal
Ru
Sif Muna
Trog
Uskayaw
Vehumet
Wu Jian
Xom
Yredelemnul
Zin
The Shining One

Shops:
D:6 ?   D:8 *

Annotations:
Lair:1 exclusion: oklob plant


Innate Abilities, Weirdness & Mutations

You are resistant to torment.
Your stone body is resilient. (AC +8)
You are immune to poison.
You resist negative energy. (rN+)
You are resistant to electric shocks. (rElec)
You can survive without breathing.
You are immune to petrification.
You are immune to miasma.


Message History

The water moccasin completely misses you.
The water moccasin closely misses you. The cane toad misses you.
The water moccasin misses you.
The water moccasin completely misses you.
The water moccasin bites you.
The water moccasin completely misses you.
The cane toad stings you. The water moccasin misses you.
There is a staircase back to the Dungeon here.
The cane toad closely misses you.
The water moccasin bites you but does no damage.
The cane toad stings you!
* * * LOW HITPOINT WARNING * * *
You climb upwards.
Welcome back to the Dungeon!
There is a staircase to the Lair here.
The water moccasin barely misses you. The cane toad completely misses you.
The water moccasin misses you.
The cane toad stings you but does no damage.
The cane toad stings you!
You die...

....#........##.......(.....#
....#...#######.............#
##'##...##...##...[.........#
...#....'...................#
...#....#.........##.>.#....##
...#....#.....+#.......#.....#
#'###...##...###.............#
....#...##...# #.............#
....#...#....###@###.........#
....#...#.......F.#S.........#
....#...#........S#.....######
....#'####...##.........#
.........#...##....#...##
##'#.....#...###.......#
...#.....#...# #.#._.#.#
...#.....+...# #.......#
...#.....#...# #...#...#


You could see a cane toad and a water moccasin.

Vanquished Creatures
  2 hydras
  3 death yaks
  Maurice (D:8)
  A black mamba (Lair:1)
  2 cane toads (Lair:1)
  A komodo dragon (Lair:1)
  A rime drake (Lair:2)
  Grinder (D:3)
  22 yaks
  A basilisk (Lair:1)
  10 water moccasins
  A sky beast (D:7)
  An orc warrior (D:7)
  2 phantoms
  An ice beast (D:7)
  4 ogres
  3 centaurs
  8 wolves
  7 bullfrogs
  4 scorpions
  5 wights (D:7)
  A howler monkey (D:5)
  2 quasits
  2 bullfrog zombies
  2 hounds
  A bullfrog skeleton (D:5)
  3 human zombies (Ossuary)
  An orc priest (D:8)
  A centaur skeleton (D:7)
  A jelly (D:6)
  8 orc wizards
  2 worker ants
  2 hound skeletons
  A howler monkey zombie (D:6)
  5 mummies (Ossuary)
  4 gnolls (D:3)
  A howler monkey skeleton (D:7)
  5 adders
  2 shadow imps
  2 white imps
  3 ufetubi
  3 worms
  2 dart slugs
  4 leopard geckos
  11 orcs
  A ball python (D:1)
  7 bats
  6 giant cockroaches
  8 goblins
  8 hobgoblins
  10 jackals
  6 kobolds
  A quokka (D:3)
  5 frilled lizards
  2 goblin zombies (Ossuary)
  2 jackal zombies
  A kobold zombie (Ossuary)
  A leopard gecko zombie (D:5)
  2 orc zombies (Ossuary)
  3 quokka skeletons
  7 rats
220 creatures vanquished.

Vanquished Creatures (others)
  8 fungi
  6 plants
14 creatures vanquished.

Grand Total: 234 creatures vanquished

Notes
Turn   | Place    | Note
-------+----------+-------------------------------------------
     0 | D:1      | Gnirx the Gargoyle Earth Elementalist began the quest for
                  | the Orb.
     0 | D:1      | Reached XP level 1. HP: 10/10 MP: 3/3
   220 | D:1      | Reached skill level 4 in Earth Magic
   248 | D:1      | Reached XP level 2. HP: 8/15 MP: 3/5
  1225 | D:2      | Reached XP level 3. HP: 19/19 MP: 6/6
  1722 | D:2      | Reached skill level 1 in Maces & Flails
  1735 | D:2      | Reached skill level 5 in Earth Magic
  1735 | D:2      | Reached XP level 4. HP: 15/24 MP: 5/7
  2613 | D:3      | Found a sparkling altar of Nemelex Xobeh.
  2769 | D:3      | Reached XP level 5. HP: 10/28 MP: 2/9
  3012 | D:3      | Noticed Grinder
  3023 | D:3      | Killed Grinder
  3024 | D:3      | Reached skill level 6 in Earth Magic
  3024 | D:3      | Reached XP level 6. HP: 32/32 MP: 4/11
  3702 | D:3      | Found a blossoming altar of Fedhas.
  3712 | D:3      | Found a basalt altar of Yredelemnul.
  3726 | D:3      | Found an ornate altar of the Wu Jian Council.
  3729 | D:3      | Found an ancient bone altar of Kikubaaqudgha.
  3787 | D:3      | Learned a level 2 spell: Passwall
  3791 | D:3      | Learned a level 3 spell: Stone Arrow
  4237 | D:4      | Found a bloodstained altar of Trog.
  4295 | D:4      | Reached XP level 7. HP: 23/36 MP: 9/13
  4691 | D:5      | Entered Level 5 of the Dungeon
  4728 | D:5      | Reached skill level 7 in Earth Magic
  5204 | D:5      | Reached skill level 5 in Spellcasting
  5262 | D:5      | Reached XP level 8. HP: 38/41 MP: 15/15
  5299 | D:5      | Found a sacrificial altar of Ru.
  6112 | D:6      | Found a shimmering blue altar of Sif Muna.
  6124 | D:6      | Found a burning altar of Makhleb.
  6252 | D:6      | Found Bahagu Sivu's Magic Scroll Shop.
  6256 | D:6      | Bought a scroll of identify for 22 gold pieces
  6256 | D:6      | Bought a scroll of blinking for 82 gold pieces
  6335 | D:6      | Found an opulent altar of Gozag.
  6359 | D:6      | Reached skill level 8 in Earth Magic
  7239 | D:7      | Found a sand-covered staircase.
  7247 | Ossuary  | Entered an ossuary
  7308 | Ossuary  | Reached skill level 9 in Earth Magic
  7644 | Ossuary  | Reached XP level 9. HP: 34/45 MP: 19/19
  7840 | D:7      | Found a staircase to the Ecumenical Temple.
  7866 | Temple   | Entered the Ecumenical Temple
  9339 | D:8      | Noticed Maurice
  9388 | D:8      | Killed Maurice
  9389 | D:8      | Reached skill level 10 in Earth Magic
  9850 | D:8      | Reached skill level 11 in Earth Magic
  9917 | D:8      | Reached XP level 10. HP: 50/50 MP: 21/23
  9988 | D:8      | Found a radiant altar of Vehumet.
 10004 | D:8      | Became a worshipper of Vehumet
 10005 | D:8      | Noticed a death yak
 10519 | D:7      | Killed a death yak
 10699 | D:8      | Noticed a death yak
 10703 | D:8      | Noticed a death yak
 10715 | D:7      | Killed a death yak
 10716 | D:7      | Reached skill level 1 in Conjurations
 10840 | D:8      | Found an iron altar of Okawaru.
 10913 | D:8      | Found Ethrour's Demolitions Depot.
 11095 | D:7      | Reached skill level 12 in Earth Magic
 11378 | D:8      | Killed a death yak
 11379 | D:8      | Reached skill level 10 in Spellcasting
 11694 | D:8      | Found a staircase to the Lair.
 11991 | Lair:1   | Entered Level 1 of the Lair of Beasts
 12034 | Lair:1   | Noticed a black mamba
 12041 | Lair:1   | Killed a black mamba
 12042 | Lair:1   | Reached skill level 1 in Fighting
 12119 | Lair:1   | Noticed an oklob plant
 12304 | Lair:1   | Reached XP level 11. HP: 57/57 MP: 18/25
 13544 | D:8      | Reached skill level 13 in Earth Magic
 13839 | Lair:1   | Reached skill level 5 in Conjurations
 14747 | Lair:1   | Learned a level 5 spell: Lee's Rapid Deconstruction
 15622 | Lair:2   | Reached * piety under Vehumet
 15622 | Lair:2   | Offered knowledge of Foxfire by Vehumet.
 15625 | Lair:2   | Learned a level 1 spell: Foxfire
 15702 | Lair:2   | Noticed a five-headed hydra
 15720 | Lair:1   | Killed a five-headed hydra
 16324 | Lair:2   | Noticed a six-headed hydra
 16345 | Lair:2   | Killed a six-headed hydra
 16451 | Lair:2   | Reached skill level 5 in Fighting
 16451 | Lair:2   | Reached XP level 12. HP: 68/68 MP: 20/27
 16717 | D:8      | Slain by a cane toad

Illustrated notes

Levels and vault maps discovered:
D:1:      roderic_octagonal_star, layout_basic,
          wander_ebering_terrifying_dragon_lair
D:2:      layout_rooms, serial_corexii_hall, corexii_hall_statues_t,
          corexii_hall_statues_x, corexii_hall_statues_l,
          corexii_hall_statues_i, minivault_11
D:3:      layout_basic, grunt_temple_overflow_cloverleaf, old_standard_altar,
          uniq_grinder
D:4:      layout_rooms, bloody_trog
D:5:      layout_basic, minmay_misc_feat_four_crosses, minmay_misc_feat_iff,
          kennysheep_nub, hangedman_decor_diamond_cutter,
          nicolae_ru_great_annihilating_truth
D:6:      layout_cave_pools, bloody_makhleb, kennysheep_little_box,
          lemuel_crystal_altar, serial_shops, nicolae_shop_behind_doors
D:7:      layout_basic, minmay_temple_entry_wispy, nicolae_ossuary_entry_ruins
D:8:      layout_gridville, vehumet_altar_wand_db, dpeg_lair_monsters,
          basic_altar, nicolae_blasting_shop, uniq_maurice
Temple:   minmay_temple_forest_path
Lair:1:   layout_cave_pods, minmay_lair_oklob_chamber
Lair:2:   layout_cave_shapes, gauntlet_entry_generic, beast_lair_carwin_5,
          lemuel_fruit_fields

Skill      XL: |  1  2  3  4  5  6  7  8  9 10 11 |
---------------+----------------------------------+-----
Earth Magic    | 4 5 6 7 9 11 12 13 | 13.5
Maces & Flails | 1 2 3 4 |  4.2
Spellcasting   | 3 4 5 6 9 10 11 | 11.1
Conjurations   | 3 6 |  6.1
Fighting       | 2 5 |  5.0
Dodging        | 3 |  3.1
Stealth        | |  2.1
Transmutations | |  0.7

Action                   |  1- 3 |  4- 6 |  7- 9 | 10-12 || total
-------------------------+-------+-------+-------+-------++-------
Melee: Whip              |    92 |    18 |   178 |       ||   288
       Unarmed           |     4 |       |       |       ||     4
       Mace              |       |    26 |       |       ||    26
       Flail             |       |    62 |    61 |       ||   123
       Dire flail        |       |       |    91 |    61 ||   152
 Cast: Sandblast         |    13 |    37 |    96 |    10 ||   156
       Stone Arrow       |       |       |       |   182 ||   182
  Use: Scroll            |     3 |     7 |    13 |       ||    23
       Potion            |       |       |     2 |     2 ||     4
 Stab: Sleeping          |     2 |     2 |       |     1 ||     5
       Distracted        |       |       |     1 |       ||     1
Armor: Robe              |    36 |    51 |   145 |   157 ||   389
Dodge: Dodged            |    76 |   117 |   221 |   310 ||   724
